 Dungeon Crawl Stone Soup version 0.28.0-43-g3370ac3207 (webtiles) character file.

Game seed: 9677785773709756426

1049 zcamperz the Chopper (level 8, -3/70 HPs)
             Began as a Minotaur Berserker on Mar 28, 2022.
             Was a Priest of Trog.
             Slain by a sky beast (6 damage)
             ... on level 5 of the Dungeon.
             The game lasted 00:04:14 (4127 turns).

zcamperz the Chopper (Minotaur Berserker)           Turns: 4127, Time: 00:04:15

Health: -3/70      AC:  6    Str: 23    XL:     8   Next: 5%
Magic:  7/7        EV: 12    Int:  4    God:    Trog [***...]
Gold:   183        SH:  0    Dex: 11    Spells: 7/7 levels left

rFire   . . .      SeeInvis .   a - +0 hand axe
rCold   . . .      Faith    .   (no shield)
rNeg    . . .      Spirit   .   f - +0 ring mail
rPois   .          Reflect  .   (helmet restricted)
rElec   .          Harm     .   (no cloak)
rCorr   .          Rampage  .   (no gloves)
Will    .....                   (no boots)
Stlth   +.........              (no amulet)
HPRegen 0.21/turn               (no ring)
MPRegen 0.10/turn               (no ring)

@: on berserk cooldown, slowed, very slow
A: horns 2, retaliatory headbutt
a: Renounce Religion, Berserk, Trog's Hand


You were on level 5 of the Dungeon.
You worshipped Trog.
Trog was most pleased with you.
You visited 1 branch of the dungeon, and saw 5 of its levels.

You collected 183 gold pieces.

Inventory:

Hand Weapons
 a - a +0 hand axe (weapon)
 r - a +1 flail of protection
Armour
 f - a +0 ring mail (worn)
Wands
 l - a wand of paralysis (4)
 m - a wand of digging (3)
 u - a wand of flame (6)
Scrolls
 d - a scroll of acquirement {unknown}
 g - a scroll of blinking {unknown}
 h - 6 scrolls of identify {unknown}
 i - a scroll of brand weapon {unknown}
 k - a scroll of amnesia {unknown}
 o - 2 scrolls of enchant armour {unknown}
 p - a scroll of immolation {unknown}
 q - a scroll of torment {unknown}
 s - a scroll of teleportation {unknown}
Potions
 b - a potion of mutation {unknown}
 c - a potion of resistance {unknown}
 e - 2 potions of curing {unknown}
 j - a potion of attraction {unknown}
 n - 3 potions of heal wounds {unknown}
 t - a potion of berserk rage {unknown}


   Skills:
 + Level 6.1 Fighting
 + Level 7.1(7.5) Axes
 + Level 3.6(5.8) Maces & Flails
 + Level 5.8 Armour
 + Level 4.1 Dodging
 + Level 1.1 Stealth


You had 7 spell levels left.
You didn't know any spells.
Your spell library was empty.

Dungeon Overview and Level Annotations

Branches:
Dungeon (5/15)             Temple (0/1) D:4

Altars:
Gozag
Makhleb
Qazlal
Vehumet
Yredelemnul
Zin

Shops:
D:3 [


Innate Abilities, Weirdness & Mutations

You have a pair of horns on your head.
You reflexively headbutt those who attack you in melee.


Message History

You slice the steam dragon!!
You kill the steam dragon!
Trog accepts your kill.
The steam dragon scales are intact enough to wear.
You are engulfed in a cloud of scalding steam.
Your Axes skill increases to level 7!
Your Dodging skill increases to level 4!
You have reached level 8!
You feel agile.
A sky beast comes into view.
Things that are here:
+0 steam dragon scales; a steam dragon corpse A sky beast is nearby!
You feel a strong urge to attack something.
A scorpion comes into view.
Found 3 gold pieces.
You feel your anger nearly subside.
You are no longer berserk.
You are exhausted.
You feel yourself slow down. The sky beast hits you. The sky beast shocks you.
* * * LOW HITPOINT WARNING * * *
The sky beast closely misses you.
You closely miss the sky beast. The sky beast hits you.
* * * LOW HITPOINT WARNING * * *
The sky beast shocks you.
* * * LOW HITPOINT WARNING * * *
You slash the sky beast! Your headbutt misses the sky beast.
The sky beast is moderately wounded.
The sky beast barely misses you. You furiously retaliate!
You headbutt the sky beast. You hit the sky beast.
Your headbutt misses the sky beast.
The sky beast is heavily wounded.
The sky beast hits you.
* * * LOW HITPOINT WARNING * * *
The sky beast shocks you.
* * * LOW HITPOINT WARNING * * *
The sky beast hits you.
* * * LOW HITPOINT WARNING * * *
The sky beast shocks you.
You die...

############ #....sY@...#
.$..######[# . ### #)# +.# #§#
#.# #§##### ######### #.# #§....#
........######.####.....#########
≈≈≈≈≈≈..................'....>..#
.≈≈≈≈≈≈.#......###......#.###.###


You could see a sky beast and a scorpion.

Vanquished Creatures
  Grinder (D:5)
  2 steam dragons (D:5)
  A black bear (D:5)
  An ogre (D:4)
  A centaur (D:5)
  2 bullfrog skeletons
  A gnoll shaman (D:4)
  An iguana (D:5)
  Ijyb (D:3)
  A hound zombie (D:5)
  A hound skeleton (D:5)
  A howler monkey zombie (D:5)
  4 gnolls
  5 adders
  A howler monkey skeleton (D:5)
  4 dart slugs
  6 orcs (D:4)
  3 ball pythons
  5 bats
  5 endoplasms
  2 giant cockroaches (D:1)
  7 hobgoblins
  3 jackals (D:3)
  6 kobolds
  4 quokkas
  5 goblins
  A quokka skeleton (D:4)
  6 rats
81 creatures vanquished.

Vanquished Creatures (others)
  18 plants
18 creatures vanquished.

Grand Total: 99 creatures vanquished

Notes
Turn   | Place    | Note
-------+----------+-------------------------------------------
     0 | D:1      | zcamperz the Minotaur Berserker began the quest for the
                  | Orb.
     0 | D:1      | Reached XP level 1. HP: 19/19 MP: 0/0
    62 | D:1      | Reached XP level 2. HP: 20/27 MP: 1/1
   594 | D:1      | Reached skill level 4 in Axes
  1033 | D:2      | Reached XP level 3. HP: 34/34 MP: 2/2
  1260 | D:2      | Reached ** piety under Trog
  1683 | D:3      | Found a basalt altar of Yredelemnul.
  1842 | D:3      | Found a stormy altar of Qazlal.
  1844 | D:3      | Noticed a fire elemental
  1846 | D:3      | Noticed a water elemental
  1846 | D:3      | Noticed an air elemental
  1846 | D:3      | Noticed an earth elemental
  1866 | D:3      | Noticed Ijyb
  1874 | D:3      | Paralysed by Ijyb for 5 turns
  1881 | D:3      | Killed Ijyb
  1882 | D:3      | Reached XP level 4. HP: 9/41 MP: 3/3
  2187 | D:3      | Found Vulaos's Antique Armour Shoppe.
  2413 | D:3      | Reached skill level 5 in Axes
  2655 | D:3      | Found a faded altar of an unknown god.
  2791 | D:4      | Found a burning altar of Makhleb.
  2929 | D:4      | Noticed an ogre
  2937 | D:4      | Killed an ogre
  2938 | D:4      | Reached XP level 5. HP: 38/47 MP: 4/4
  3087 | D:4      | Found a glowing silver altar of Zin.
  3146 | D:4      | Found a staircase to the Ecumenical Temple.
  3242 | D:4      | Found an opulent altar of Gozag.
  3559 | D:5      | Entered Level 5 of the Dungeon
  3564 | D:4      | Reached XP level 6. HP: 55/55 MP: 5/5
  3599 | D:4      | Reached skill level 5 in Fighting
  3599 | D:4      | Reached skill level 1 in Maces & Flails
  3796 | D:5      | Noticed a steam dragon
  3803 | D:5      | Killed a steam dragon
  3804 | D:5      | Reached skill level 6 in Axes
  3808 | D:5      | Reached skill level 5 in Armour
  3808 | D:5      | Reached XP level 7. HP: 55/61 MP: 6/6
  3861 | D:5      | Found a radiant altar of Vehumet.
  3866 | D:5      | Noticed Grinder
  3888 | D:5      | Killed Grinder
  3889 | D:5      | Reached skill level 1 in Stealth
  4078 | D:5      | Reached *** piety under Trog
  4113 | D:5      | Noticed a steam dragon
  4119 | D:5      | Killed a steam dragon
  4120 | D:5      | Reached skill level 7 in Axes
  4120 | D:5      | Reached XP level 8. HP: 39/70 MP: 7/7
  4127 | D:5      | HP: 3/70 [sky beast (1)]
  4127 | D:5      | Slain by a sky beast

Illustrated notes

Levels and vault maps discovered:
D:1:      minmay_arrival_checkered_box, layout_basic, serial_forest,
          infiniplex_forest_clump_cross, infiniplex_forest_lined_2,
          infiniplex_forest_lined_room_, infiniplex_forest_clump_medium,
          infiniplex_forest_straight_5, infiniplex_forest_clump_small,
          infiniplex_forest_lined_2
D:2:      layout_rooms
D:3:      layout_loops_ring, nicolae_qazlal_style_of_elements,
          mainiacjoe_overflow_small_starburst,
          shapermc_ecumenical_altar_mp_highgroup, serial_shops, shop,
          minivault_25, glass_columns_c, uniq_ijyb
D:4:      layout_loops_ring, mainiacjoe_overflow_cross_hatched,
          mainiacjoe_overflow_alcove_4, general_overflow_altar,
          minmay_temple_entry_statues_fountains
D:5:      layout_basic, mainiacjoe_overflow_catwalk, uniq_grinder

Skill      XL: |  1  2  3  4  5  6  7 |
---------------+----------------------+-----
Fighting       | 4 5 6 |  6.1
Axes           | 4 5 6 7 |  7.1
Armour         | 3 4 5 |  5.8
Dodging        | 3 4 |  4.1
Maces & Flails | 2 3 |  3.6
Stealth        | 1 |  1.1

Action                   |  1- 3 |  4- 6 |  7- 9 || total
-------------------------+-------+-------+-------++-------
Melee: Hand axe          |    80 |    56 |    38 ||   174
       Headbutt          |    13 |    16 |     6 ||    35
       Punch             |     2 |     3 |       ||     5
       Flail             |       |    23 |       ||    23
Invok: Berserk           |     1 |     2 |     2 ||     5
       Trog's Hand       |       |     1 |     1 ||     2
Armor: Animal skin       |     8 |       |       ||     8
       Ring mail         |    20 |    35 |    11 ||    66
Dodge: Dodged            |    55 |    76 |    21 ||   152
